 Dungeon Crawl Stone Soup version 0.30.1-3-gfc49f6343a (webtiles) character file.

Game seed: 16486103173135317743

508 Almogavar the Slasher (level 6, 0/56 HPs)
             Began as a Minotaur Berserker on July 17, 2023.
             Was a Believer of Trog.
             Succumbed to a scorpion's poison
             ... on level 4 of the Dungeon on July 19, 2023.
             The game lasted 00:07:59 (2752 turns).

Almogavar the Slasher (Minotaur Berserker)          Turns: 2752, Time: 00:08:00

Health: 0/56       AC:  4    Str: 23    XL:     6   Next: 98%
Magic:  5/5        EV: 12    Int:  4    God:    Trog [**....]
Gold:   111        SH:  0    Dex: 10    Spells: 5/5 levels left

rFire   . . .        a - +0 falchion
rCold   . . .        (no shield)
rNeg    + . .        i - +0 leather armour
rPois   .            (helmet restricted)
rElec   .            (no cloak)
rCorr   .            (no gloves)
SInv    .            n - +0 pair of boots
Will    .....        b - amulet of the acrobat
Stlth   +            r - ring of positive energy
HPRegen 0.29/turn    (no ring)
MPRegen 0.09/turn

%: acrobat, clarity
@: lethally poisoned (0 -> -8)
A: horns 2, retaliatory headbutt, clarity
a: Renounce Religion, Berserk, Trog's Hand


You were on level 4 of the Dungeon.
You worshipped Trog.
Trog was pleased with you.
You visited 1 branch of the dungeon, and saw 4 of its levels.

You collected 111 gold pieces.

Inventory:

Hand Weapons
 a - a +0 falchion (weapon)
 u - the +3 long sword of Ashenzari's Favour {heavy, Drain rPois Int+3}
   (You found it on level 3 of the Dungeon)

   Int:       It affects your intelligence (+3).
   rPois:     It protects you from poison.
   Drain:     It drains your maximum health when unequipped.
Missiles
 v - 22 stones (quivered)
Armour
 i - a +0 leather armour (worn)
 k - a +0 ring mail
 n - a +0 pair of boots (worn)
 t - a +0 chain mail
Jewellery
 b - an amulet of the acrobat (around neck)
 r - a ring of positive energy (left hand)
Wands
 p - a wand of roots (5)
 q - a wand of flame (38)
Scrolls
 e - a scroll of silence
 g - a scroll of teleportation
 h - a scroll of poison
 j - a scroll of fear
 l - 2 scrolls of torment {unknown}
 m - 2 scrolls of magic mapping
 o - a scroll of blinking
 w - 2 scrolls of immolation {unknown}
Potions
 c - 3 potions of attraction {unknown}
 d - 2 potions of heal wounds {unknown}
 f - a potion of lignification {unknown}
 s - a potion of flight {unknown}


   Skills:
 + Level 5.6 Fighting
 + Level 6.9 Long Blades
 + Level 4.0 Armour
 + Level 3.6 Dodging
 - Level 1.0 Stealth


You had 5 spell levels left.
You didn't know any spells.
Your spell library was empty.

Dungeon Overview and Level Annotations

Branches:
Dungeon (4/15)             Temple (0/1) D:4

Altars:
Cheibriados
Hepliaklqana
Vehumet

Annotations:
D:3 Robin


Innate Abilities, Weirdness & Mutations

You have a pair of horns on your head.
You reflexively headbutt those who attack you in melee.
You possess an exceptional clarity of mind.


Message History

As you read the scroll of identify, it crumbles to dust.
j - a scroll of fear
Found a stone staircase leading down.
m - 2 scrolls of magic mapping (gained 1) Menkaure, Prince of Dust comes into view.
Menkaure shouts!
A scorpion comes into view.
Menkaure hits you.
You hit Menkaure. You headbutt Menkaure.
Menkaure is moderately damaged.
Menkaure sighs a few words.
Menkaure mumbles some strange words.
Menkaure seems to speed up.
You hit Menkaure.
Menkaure is heavily damaged.
Menkaure hits you!
You hit Menkaure.
Menkaure is heavily damaged.
Menkaure calls on the powers of darkness!
Your body is wracked with pain!
The scorpion convulses!
You are too injured to fight recklessly!
You hit Menkaure.
Menkaure is severely damaged.
Menkaure hits you!!
* * * LOW HITPOINT WARNING * * *
You hit Menkaure but do no damage. You headbutt Menkaure.
You destroy Menkaure!
Trog accepts your kill.
Trog appreciates your killing of a magic user.
Your Armour skill increases to level 4!
You closely miss the scorpion.
The scorpion is heavily wounded.
The scorpion stings you.
* * * LOW HITPOINT WARNING * * *
You are lethally poisoned!
The scorpion poisons you!
You hit the scorpion. You headbutt the scorpion.
You kill the scorpion!
Trog accepts your kill.
You die...

###.........# #.
.............# ##
#.............####
#>......#........#
#.......#........#
#.###...#........#
#. +...+........#
..#..##...#........#
#......@...#+#######
#.#..#####.# # ..#
####


There were no monsters in sight!

Vanquished Creatures
  Sigmund (D:3)
  Menkaure (D:4)
  Pargi (D:3)
  A scorpion (D:4)
  Natasha (D:4)
  An orc wizard (D:4)
  3 adders
  An ufetubus (D:4)
  A worm (D:4)
  3 dart slugs
  8 orcs
  8 bats
  3 endoplasms (D:3)
  2 giant cockroaches (D:2)
  6 goblins
  2 hobgoblins (D:2)
  6 kobolds
  A quokka (D:1)
  2 ball pythons
  4 frilled lizards (D:1)
  8 rats
64 creatures vanquished.

Notes
Turn   | Place    | Note
-------+----------+-------------------------------------------
     0 | D:1      | Almogavar the Minotaur Berserker began the quest for the
                  | Orb.
     0 | D:1      | Reached XP level 1. HP: 19/19 MP: 0/0
   311 | D:1      | Found a faded altar of an unknown god.
   315 | D:1      | Reached XP level 2. HP: 25/27 MP: 1/1
   425 | D:1      | Reached skill level 4 in Long Blades
  1091 | D:2      | Found a snail-covered altar of Cheibriados.
  1096 | D:2      | Reached ** piety under Trog
  1228 | D:2      | Reached XP level 3. HP: 33/33 MP: 2/2
  1279 | D:2      | You fall into a shaft and drop 1 floor!
  1287 | D:3      | Noticed Sigmund
  1303 | D:3      | Killed Sigmund
  1304 | D:3      | Reached skill level 5 in Long Blades
  1304 | D:3      | Reached XP level 4. HP: 13/41 MP: 3/3
  1304 | D:3      | Reached XP level 5. HP: 15/47 MP: 4/4
  1541 | D:3      | Found a radiant altar of Vehumet.
  1697 | D:3      | Noticed Pargi
  1703 | D:3      | Reached skill level 5 in Fighting
  1708 | D:3      | Killed Pargi
  1709 | D:3      | Reached skill level 6 in Long Blades
  1709 | D:3      | Reached skill level 1 in Stealth
  1709 | D:3      | Reached XP level 6. HP: 56/56 MP: 5/5
  1871 | D:3      | Found a hazy altar of Hepliaklqana.
  2052 | D:3      | Identified the +3 long sword of Ashenzari's Favour {heavy,
                  | Drain rPois Int+3}
  2059 | D:3      | Upgraded the game from 0.30.1-1-g62c8e00024 to
                  | 0.30.1-3-gfc49f6343a
  2064 | D:3      | Noticed Robin
  2320 | D:4      | Found a staircase to the Ecumenical Temple.
  2428 | D:4      | Noticed Natasha
  2439 | D:4      | Killed Natasha
  2574 | D:4      | Gained mutation: You possess an exceptional clarity of
                  | mind. [potion of mutation]
  2742 | D:4      | Noticed Menkaure
  2750 | D:4      | Killed Menkaure
  2752 | D:4      | Succumbed to a scorpion's poison

Illustrated notes

Levels and vault maps discovered:
D:1:      minmay_arrival_shoal_huts, layout_basic,
          shapermc_ecumenical_altar_starsandcircs, serial_glass,
          glass_columns_c, glass_columns_a, chequers_serial_rivers_large_a
D:2:      layout_rooms, basic_altar
D:3:      layout_loops_ring, nicolae_overflow_hidden_temple,
          vehumet_altar_wand_db, uniq_robin, uniq_pargi, uniq_sigmund
D:4:      layout_basic, minmay_temple_entry_drinking_statues, uniq_natasha,
          uniq_blork_the_orc, uniq_menkaure

Skill      XL: |  1  2  3  4  5  6 |
---------------+-------------------+-----
Fighting       | 4 5 |  5.6
Long Blades    | 4 5 6 |  6.9
Armour         | 3 4 |  4.0
Dodging        | 3 |  3.6
Stealth        | 1 |  1.0

Action                     |  1- 3 |  4- 6 || total
---------------------------+-------+-------++-------
  Melee: Falchion          |    66 |    83 ||   149
         Headbutt          |     8 |    16 ||    24
         Punch             |     1 |       ||     1
 Invoke: Berserk           |     1 |     1 ||     2
    Use: Scroll            |     2 |     5 ||     7
         Potion            |       |     1 ||     1
   Stab: Sleeping          |     1 |     1 ||     2
 Armour: Animal skin       |    13 |       ||    13
         Leather armour    |     9 |    31 ||    40
  Dodge: Dodged            |    39 |    49 ||    88
